3AAA
ALASKAN HUMPBACKS @ PENNSAUKEN FLYERS
05/27/2031
 
TOP OF THE 1ST
Alaskan Humpbacks batting - Pitching for Pennsauken Flyers : LHP Mike Foltynewicz
Pitching: LHP Mike Foltynewicz
Batting: RHB Jesús Torres 0-0: Called Strike
0-1: Ball
1-1: Ball
2-1: Foul Ball, location: 2F
2-2: Ball
3-2: Base on Balls
Batting: RHB Lee Suárez 0-0: Ball
1-0: Grounds into double play, 4-6-3 (Groundball, 4M)
Batting: RHB Doug Allerdale 0-0: Called Strike
0-1: Ball
1-1: Foul Ball, location: 2F
1-2: Ball
2-2: Foul Ball, location: 2F
2-2: Strikes out swinging
Top of the 1st over - 0 runs, 0 hits, 0 errors, 0 left on base; Alaskan 0 - Pennsauken 0
BOTTOM OF THE 1ST
Pennsauken Flyers batting - Pitching for Alaskan Humpbacks : LHP Hervé Favier
Pitching: LHP Hervé Favier
Batting: SHB Juan Torres 0-0: Ball
1-0: Foul Ball, location: 2F
1-1: Ground out 1-3 (Groundball, P)
Batting: RHB Enrique Ibarra 0-0: Called Strike
0-1: Swinging Strike
0-2: Ball
1-2: Fly out, F3 (Popup, 34)
Batting: RHB José Rodríguez 0-0: Swinging Strike
0-1: Ball
1-1: Foul Ball, location: 2F
1-2: SINGLE (Groundball, 56D)
Batting: LHB Vinski Prifti 0-0: Ball
1-0: Foul Ball, location: 2F
1-1: Ball
2-1: Swinging Strike
2-2: Strikes out looking
Bottom of the 1st over - 0 runs, 1 hit, 0 errors, 1 left on base; Alaskan 0 - Pennsauken 0
TOP OF THE 2ND
Alaskan Humpbacks batting - Pitching for Pennsauken Flyers : LHP Mike Foltynewicz
Batting: RHB Edgar Baeza 0-0: Called Strike
0-1: Ball
1-1: Ball
2-1: SINGLE (Groundball, 4D)
Batting: RHB Jonathan Cook 0-0: Called Strike
0-1: Ball
1-1: Fly out, F4 (Line Drive, 4)
Batting: RHB Jean Chamissa 0-0: Ball
1-0: Foul Ball, location: 2F
1-1: Foul Ball, location: 2F
1-2: Ball
2-2: Strikes out swinging
Batting: RHB Jorge Flores 0-0: Ball
1-0: Swinging Strike
1-1: Foul Ball, location: 2F
1-2: Ball
2-2: SINGLE (Groundball, 56D)
Edgar Baeza to second
Batting: LHB Dallas Ihde 0-0: Called Strike
0-1: Called Strike
0-2: Strikes out looking
Top of the 2nd over - 0 runs, 2 hits, 0 errors, 2 left on base; Alaskan 0 - Pennsauken 0
BOTTOM OF THE 2ND
Pennsauken Flyers batting - Pitching for Alaskan Humpbacks : LHP Hervé Favier
Batting: RHB Raúl Francisco 0-0: Ball
1-0: Swinging Strike
1-1: Fly out, F8 (Flyball, 8RM)
Batting: RHB Bartolo Rosas 0-0: Called Strike
0-1: Ball
1-1: Ball
2-1: Swinging Strike
2-2: Ground out 1-3 (Groundball, P)
Batting: LHB Jorge Ortíz 0-0: Foul Ball, location: 2F
0-1: Ball
1-1: Called Strike
1-2: Foul Ball, location: 2F
1-2: Ball
2-2: Strikes out looking
Bottom of the 2nd over - 0 runs, 0 hits, 0 errors, 0 left on base; Alaskan 0 - Pennsauken 0
TOP OF THE 3RD
Alaskan Humpbacks batting - Pitching for Pennsauken Flyers : LHP Mike Foltynewicz
Batting: LHB Ijsbrand Erkelens 0-0: Foul Ball, location: 2F
0-1: Ball
1-1: Ball
2-1: Foul Ball, location: 2F
2-2: Ball
3-2: Foul Ball, location: 2F
3-2: Strikes out looking
Batting: RHB Jesús Torres 0-0: Ball
1-0: Ball
2-0: Fly out, F7 (Flyball, 7S)
Batting: RHB Lee Suárez 0-0: Ball
1-0: Ball
2-0: Called Strike
2-1: Ball
3-1: Foul Ball, location: 2F
3-2: Reached on error, E3 (Groundball, 34S)
Batting: RHB Doug Allerdale 0-0: Ball
1-0: Ground out 4-3 (Groundball, 4MD)
Top of the 3rd over - 0 runs, 0 hits, 1 error, 1 left on base; Alaskan 0 - Pennsauken 0
BOTTOM OF THE 3RD
Pennsauken Flyers batting - Pitching for Alaskan Humpbacks : LHP Hervé Favier
Batting: RHB José Leyva 0-0: Ball
1-0: Called Strike
1-1: Ground out 6-3 (Groundball, 6)
Batting: RHB Raúl Javier Jr. 0-0: Ball
1-0: DOUBLE (Flyball, 8RD)
Batting: SHB Juan Torres 0-0: Ball
1-0: SINGLE (Groundball, 56D)
Raúl Javier Jr. to third
Runner from 3rd tries for Home, SAFE, no throw
Batting: RHB Enrique Ibarra 0-0: Ball
Juan Torres is caught stealing 2nd base
1-0: Foul Ball, location: 2F
1-1: Foul Ball, location: 2F
1-2: Fly out, F9 (Flyball, 89D)
Bottom of the 3rd over - 1 run, 2 hits, 0 errors, 0 left on base; Alaskan 0 - Pennsauken 1
TOP OF THE 4TH
Alaskan Humpbacks batting - Pitching for Pennsauken Flyers : LHP Mike Foltynewicz
Batting: RHB Edgar Baeza 0-0: Ball
1-0: Ball
2-0: SINGLE (Groundball, 34D)
Batting: RHB Jonathan Cook 0-0: Fly out, F7 (Flyball, 7LS)
Batting: RHB Jean Chamissa 0-0: Called Strike
0-1: Ball
1-1: Ball
2-1: Foul Ball, location: 2F
2-2: Foul Ball, location: 2F
2-2: Strikes out swinging
Batting: RHB Jorge Flores 0-0: Foul Ball, location: 2F
0-1: Ball
1-1: Foul Ball, location: 2F
1-2: Foul Ball, location: 2F
1-2: Ball
2-2: Fly out, F8 (Flyball, 8RM)
Top of the 4th over - 0 runs, 1 hit, 0 errors, 1 left on base; Alaskan 0 - Pennsauken 1
BOTTOM OF THE 4TH
Pennsauken Flyers batting - Pitching for Alaskan Humpbacks : LHP Hervé Favier
Batting: RHB José Rodríguez 0-0: Ball
1-0: Ball
2-0: SINGLE (Flyball, 7S)
Batting: LHB Vinski Prifti 0-0: Ball
1-0: Fly out, F8 (Flyball, 8RS)
Batting: RHB Raúl Francisco 0-0: Called Strike
José Rodríguez steals 2nd base
0-1: Ball
1-1: Foul Ball, location: 2F
1-2: Strikes out swinging
Batting: RHB Bartolo Rosas 0-0: Foul Ball, location: 2F
0-1: Ball
1-1: Called Strike
1-2: Foul Ball, location: 2F
1-2: Ball
2-2: SINGLE (Groundball, 6MD)
José Rodríguez to third
Runner from 3rd tries for Home, SAFE, no throw
Batting: LHB Jorge Ortíz 0-0: Called Strike
Bartolo Rosas steals 2nd base
0-1: Called Strike
0-2: Ball
1-2: Ball
2-2: Ball
3-2: Ground out 6-3 (Groundball, 6)
Bottom of the 4th over - 1 run, 2 hits, 0 errors, 1 left on base; Alaskan 0 - Pennsauken 2
TOP OF THE 5TH
Alaskan Humpbacks batting - Pitching for Pennsauken Flyers : LHP Mike Foltynewicz
Batting: LHB Dallas Ihde 0-0: Ball
1-0: Ball
2-0: Called Strike
2-1: Fly out, F8 (Flyball, 8LD)
Batting: LHB Ijsbrand Erkelens 0-0: Ball
1-0: Called Strike
1-1: Ball
2-1: Ball
3-1: Base on Balls
Batting: RHB Jesús Torres Pickoff Throw to First - Error! E1
Ijsbrand Erkelens to second
0-0: Ball
1-0: Ball
2-0: Foul Ball, location: 2F
2-1: Ground out 4-3 (Groundball, 4)
Ijsbrand Erkelens to third
Batting: RHB Lee Suárez 0-0: Swinging Strike
0-1: Fly out, F8 (Flyball, 8RD)
Top of the 5th over - 0 runs, 0 hits, 1 error, 1 left on base; Alaskan 0 - Pennsauken 2
BOTTOM OF THE 5TH
Pennsauken Flyers batting - Pitching for Alaskan Humpbacks : LHP Hervé Favier
Batting: RHB José Leyva 0-0: Called Strike
0-1: Ball
1-1: Ball
2-1: Called Strike
2-2: Ground out 1-3 (Groundball, 15S)
Batting: RHB Raúl Javier Jr. 0-0: Called Strike
0-1: Swinging Strike
0-2: Strikes out swinging
Batting: SHB Juan Torres 0-0: Ball
1-0: Ball
2-0: Ground out 6-3 (Groundball, 6)
Bottom of the 5th over - 0 runs, 0 hits, 0 errors, 0 left on base; Alaskan 0 - Pennsauken 2
TOP OF THE 6TH
Alaskan Humpbacks batting - Pitching for Pennsauken Flyers : LHP Mike Foltynewicz
Batting: RHB Doug Allerdale 0-0: Ball
1-0: Called Strike
1-1: Ball
2-1: Ball
3-1: SOLO HOME RUN (Flyball, 7LD), Distance : 368 ft
Batting: RHB Edgar Baeza 0-0: Called Strike
0-1: Swinging Strike
0-2: Ball
1-2: Ball
2-2: Strikes out swinging
Batting: RHB Jonathan Cook 0-0: Called Strike
0-1: Ball
1-1: Ball
2-1: Foul Ball, location: 2F
2-2: Foul Ball, location: 2F
2-2: Ball
3-2: Fly out, F7 (Flyball, 78S)
Batting: RHB Jean Chamissa 0-0: Ball
1-0: Fly out, F7 (Line Drive, 7D)
Top of the 6th over - 1 run, 1 hit, 0 errors, 0 left on base; Alaskan 1 - Pennsauken 2
BOTTOM OF THE 6TH
Pennsauken Flyers batting - Pitching for Alaskan Humpbacks : LHP Hervé Favier
Batting: RHB Enrique Ibarra 0-0: Ball
1-0: Foul Ball, location: 2F
1-1: Foul Ball, location: 2F
1-2: Strikes out swinging
Batting: RHB José Rodríguez 0-0: Called Strike
0-1: Foul Ball, location: 2F
0-2: Foul Ball, location: 2F
0-2: Ball
1-2: Ball
2-2: Foul Ball, location: 2F
2-2: Ball
3-2: Foul Ball, location: 2F
3-2: Fly out, F8 (Flyball, 8RD)
Batting: LHB Vinski Prifti 0-0: SINGLE (Flyball, 89S)
Pitching: RHP Sukejuro Yokoyama
Batting: RHB Raúl Francisco 0-0: Ball
Throwing error on steal attempt, E2
Vinski Prifti to third
1-0: Called Strike
1-1: Ball
2-1: Foul Ball, location: 2F
2-2: SINGLE (Groundball, 5D)
Vinski Prifti scores
Batting: RHB Bartolo Rosas 0-0: Ball
Raúl Francisco steals 2nd base
1-0: Called Strike
Raúl Francisco steals 3rd base
1-1: Foul Ball, location: 2F
1-2: Foul Ball, location: 2F
1-2: Ball
2-2: SINGLE (Line Drive, 4D)
Raúl Francisco scores
Batting: LHB Jorge Ortíz 0-0: Called Strike
0-1: Ball
1-1: Foul Ball, location: 2F
1-2: Ball
2-2: Foul Ball, location: 2F
2-2: Ball
3-2: Ground out 4-3 (Groundball, 4)
Bottom of the 6th over - 2 runs, 3 hits, 1 error, 1 left on base; Alaskan 1 - Pennsauken 4
TOP OF THE 7TH
Alaskan Humpbacks batting - Pitching for Pennsauken Flyers : LHP Mike Foltynewicz
Batting: RHB Jorge Flores 0-0: Called Strike
0-1: Ball
1-1: Foul Ball, location: 2F
1-2: Strikes out swinging
Batting: LHB Dallas Ihde 0-0: Swinging Strike
0-1: Foul Ball, location: 2F
0-2: Strikes out swinging
Batting: LHB Ijsbrand Erkelens 0-0: SINGLE (Groundball, 4D)
Batting: RHB Jesús Torres 0-0: Ball
1-0: Called Strike
1-1: Ball
2-1: Ball
3-1: SINGLE (Flyball, 78M)
Ijsbrand Erkelens to second
Runner from 2nd tries for 3rd, OUT!
Top of the 7th over - 0 runs, 2 hits, 0 errors, 1 left on base; Alaskan 1 - Pennsauken 4
BOTTOM OF THE 7TH
Pennsauken Flyers batting - Pitching for Alaskan Humpbacks : RHP Sukejuro Yokoyama
Batting: RHB José Leyva 0-0: SINGLE (Line Drive, 78S)
Batting: RHB Raúl Javier Jr. 0-0: Foul Ball, location: 2F
0-1: Ball
1-1: Swinging Strike
1-2: Ball
2-2: Foul Ball, location: 2F
2-2: Foul Ball, location: 2F
2-2: Ball
3-2: Strikes out swinging
Batting: SHB Juan Torres 0-0: Foul Ball, location: 2F
0-1: DOUBLE (Groundball, 3L)
José Leyva to third
Runner from 3rd tries for Home, SAFE, no throw
Batting: RHB Enrique Ibarra 0-0: Ground out 4-3 (Groundball, 4)
Juan Torres to third
Batting: RHB José Rodríguez 0-0: Ground out 5-3 (Groundball, 56)
Bottom of the 7th over - 1 run, 2 hits, 0 errors, 1 left on base; Alaskan 1 - Pennsauken 5
TOP OF THE 8TH
Alaskan Humpbacks batting - Pitching for Pennsauken Flyers : LHP Mike Foltynewicz
Batting: RHB Lee Suárez 0-0: Ball
1-0: Ground out 6-3 (Groundball, 6)
Pitching: RHP Riley Breckenridge
Batting: RHB Doug Allerdale 0-0: Called Strike
0-1: Called Strike
0-2: Ball
1-2: Strikes out swinging
Batting: RHB Edgar Baeza 0-0: Called Strike
0-1: Ball
1-1: Ball
2-1: Ball
3-1: Base on Balls
Batting: RHB Jonathan Cook 0-0: Ball
1-0: Ball
2-0: Ball
3-0: Base on Balls
Edgar Baeza to second
Batting: RHB Jean Chamissa 0-0: Swinging Strike
0-1: Foul Ball, location: 2F
0-2: Ball
1-2: Ball
2-2: Foul Ball, location: 2F
2-2: Ball
3-2: Strikes out swinging
Top of the 8th over - 0 runs, 0 hits, 0 errors, 2 left on base; Alaskan 1 - Pennsauken 5
BOTTOM OF THE 8TH
Pennsauken Flyers batting - Pitching for Alaskan Humpbacks : RHP Sukejuro Yokoyama
Batting: LHB Vinski Prifti 0-0: Foul Ball, location: 2F
0-1: Fly out, F4 (Line Drive, 4)
Batting: RHB Raúl Francisco 0-0: Swinging Strike
0-1: Ball
1-1: Called Strike
1-2: Ball
2-2: Fly out, F8 (Flyball, 78D)
Batting: RHB Bartolo Rosas 0-0: Called Strike
0-1: Swinging Strike
0-2: Foul Ball, location: 2F
0-2: Ball
1-2: Ball
2-2: Strikes out swinging
Bottom of the 8th over - 0 runs, 0 hits, 0 errors, 0 left on base; Alaskan 1 - Pennsauken 5
TOP OF THE 9TH
Alaskan Humpbacks batting - Pitching for Pennsauken Flyers : RHP Riley Breckenridge
Batting: RHB Jorge Flores 0-0: Ground out 1-3 (Groundball, P)
Batting: LHB Dallas Ihde 0-0: Ball
1-0: SINGLE (Flyball, 89S)
Batting: LHB Ijsbrand Erkelens 0-0: Ball
1-0: Called Strike
1-1: Ball
2-1: Grounds into double play, 4-6-3 (Groundball, 4)
Top of the 9th over - 0 runs, 1 hit, 0 errors, 0 left on base; Alaskan 1 - Pennsauken 5
Tuesday, June 12th, 2018 - OOTP Baseball 18.8 Build 76